AoeStats
← Dr. F

Arena

506429392Analyzed
2v2 RM · 18d ago on Sep 13, 2026· 69m 24s· 4 players
Game mode
Random Map
Map size
Medium (4 player)
Population
200
Speed
Normal
Resources
Standard
Victory
Conquest
Starting age
Dark Age
Ending age
Imperial Age
RankedLock teamsTeams togetherTeam positionsShared explorationLock speedFull tech treeHidden civsTurbo modeCheats
Victory
Defeat
🇬🇧 Spanish · United Kingdom
576
+11
🇺🇸 Bohemians · United States
544
+13
🇺🇸 Franks · United States
460
-12
🇺🇸 Mongols · United States
460
-12
Dr. F
1:50 Loom
10:33 Feudal Age
12:44 Wheelbarrow
12:56 Wheelbarrow
12:47 Double-Bit Axe
14:01 Horse Collar
20:19 Castle Age
21:23 Bow Saw
26:06 Chemistry
28:11 Imperial Age
26:29 Squires
27:53 Pikeman
29:17 Hand Cart
28:34 Capped Ram
30:39 Ballistics
33:03 Two-Man Saw
32:27 Heavy Plow
33:40 Padded Archer Armor
35:14 Scale Mail Armor
38:16 Fervor
38:28 Sanctity
39:02 Halberdier
40:47 Caravan
40:59 Guilds
40:54 Husbandry
40:16 Light Cavalry
40:21 Cavalier
42:49 Cavalier
43:15 Houfnice
44:17 Leather Archer Armor
44:21 Chain Mail Armor
49:33 Ring Archer Armor
49:34 Plate Mail Armor
49:17 Forging
50:25 Redemption
50:56 Theocracy
50:37 Block Printing
50:48 Illumination
51:18 Siege Engineers
52:49 Iron Casting
52:33 Redemption
53:27 Scale Barding Armor
54:53 Chain Barding Armor
55:34 Blast Furnace
56:44 Fortified Wall
56:33 Murder Holes
56:19 Treadmill Crane
56:50 Masonry
58:14 Fletching
66:45 Hussite Reforms
66:49 Wagenburg Tactics
69:05 Heavy Scorpion
Lord Litham
12:29 Feudal Age
18:26 Double-Bit Axe
22:19 Castle Age
20:59 Horse Collar
27:07 Bow Saw
31:36 Wheelbarrow
31:49 Heavy Plow
32:57 Hand Cart
33:55 Caravan
36:53 Imperial Age
38:58 Conscription
39:15 Hoardings
39:48 Two-Man Saw
41:23 Forging
41:04 Fletching
41:15 Padded Archer Armor
41:15 Scale Mail Armor
41:21 Scale Barding Armor
40:40 Elite Skirmisher
41:25 Thumb Ring
41:09 Arson
40:45 Pikeman
41:26 Squires
41:11 Gambesons
41:31 Husbandry
41:41 Bloodlines
40:52 Light Cavalry
41:33 Stone Mining
41:34 Gold Mining
43:36 Guilds
42:56 Halberdier
46:07 Iron Casting
45:27 Bodkin Arrow
45:48 Leather Archer Armor
45:49 Chain Mail Armor
45:56 Chain Barding Armor
46:09 Fortified Wall
50:31 Chemistry
49:17 Arrowslits
49:53 Ballistics
49:29 Murder Holes
49:44 Masonry
54:33 Elite Conquistador
56:56 Blast Furnace
55:57 Bracer
56:27 Ring Archer Armor
56:30 Plate Mail Armor
56:35 Plate Barding Armor
56:35 Bombard Tower
56:46 Architecture
61:54 Cavalier
Hunter Barkenbeard
11:23 Feudal Age
12:00 Double-Bit Axe
18:02 Forging
17:58 Scale Barding Armor
24:14 Castle Age
28:16 Husbandry
28:58 Iron Casting
28:44 Chain Barding Armor
33:23 Stone Mining
33:23 Gold Mining
37:10 Gold Shaft Mining
37:36 Bow Saw
38:06 Wheelbarrow
42:31 Imperial Age
42:35 Capped Ram
42:39 Cavalier
43:45 Chivalry
46:46 Paladin
55:52 Blast Furnace
55:28 Plate Barding Armor
skadoosh
9:59 Feudal Age
10:53 Double-Bit Axe
16:58 Castle Age
18:21 Bow Saw
18:05 Horse Collar
22:34 Wheelbarrow
24:19 Stone Mining
24:23 Gold Mining
28:27 Hand Cart
34:06 Imperial Age
34:58 Capped Ram
35:36 Elite Mangudai
40:56 Light Cavalry
41:46 Bloodlines
41:47 Hussar
42:37 Husbandry
51:44 Scale Barding Armor
51:40 Padded Archer Armor
51:30 Fletching
51:51 Forging
51:41 Scale Mail Armor
56:37 Chain Barding Armor
56:32 Leather Archer Armor
56:12 Bodkin Arrow
56:53 Iron Casting
56:33 Chain Mail Armor
56:19 Onager
58:07 Siege Onager
Connection lost

Rejoining the realm…

Still unreachable

The connection could not be restored.

Session expired

The server has moved on; the page needs a fresh start.